AoeStats
← PomPom

Arabia

516190393Analyzed
1v1 RM · 12d ago on Oct 25, 2026· 23m 0s· 2 players
Game mode
Random Map
Map size
Tiny (2 player)
Population
200
Speed
Normal
Resources
Standard
Victory
Conquest
Starting age
Dark Age
Ending age
Imperial Age
RankedLock teamsTeams togetherTeam positionsShared explorationLock speedFull tech treeHidden civsTurbo modeCheats
Victory
Defeat
🇨🇳 Spanish · China
1797
+15
vs
🇻🇳 Lithuanians · Vietnam
1778
-15
PomPom
6:12 Loom
8:54 Feudal Age
9:01 Man-at-Arms
10:16 Arson
14:33 Double-Bit Axe
22:31 Castle Age
20:19 Horse Collar
22:16 Wheelbarrow
aegisasl
8:23 Loom
10:56 Feudal Age
15:54 Castle Age
Connection lost

Rejoining the realm…

Still unreachable

The connection could not be restored.

Session expired

The server has moved on; the page needs a fresh start.